 Dungeon Crawl Stone Soup version 0.27.0-1-g7a089689b8 (webtiles) character file.

Game seed: 16763676658470459751

4 SnakkuSnakku7 the Grasshopper (level 1, 0/12 HPs)
             Began as a Tengu Warper on Aug 8, 2021.
             Slain by a kobold (5 damage)
             ... on level 1 of the Dungeon.
             The game lasted 00:00:17 (68 turns).

SnakkuSnakku7 the Grasshopper (Tengu Warper)          Turns: 68, Time: 00:00:17

Health: 0/12       AC:  3    Str: 11    XL:     1   Next: 70%
Magic:  4/4        EV: 11    Int: 13    God:
Gold:   6          SH:  0    Dex: 13    Spells: 4/4 levels left

rFire    . . .     SeeInvis .   a - +0 mace
rCold    . . .     Faith    .   (no shield)
rNeg     . . .     Spirit   .   b - +0 leather armour
rPois    .         Reflect  .   (helmet restricted)
rElec    .         Harm     .   (no cloak)
rCorr    .         Rampage  .   (no gloves)
Will     .....                  (boots unavailable)
Stlth    +.........             (no amulet)
HPRegen  0.04/turn              (no ring)
MPRegen  0.09/turn              (no ring)

@: no status effects
A: beak, talons 3
a: no special abilities


You were on level 1 of the Dungeon.
You visited 1 branch of the dungeon, and saw 1 of its levels.

You collected 6 gold pieces.

Inventory:

Hand Weapons
 a - a +0 mace (weapon)
Missiles
 d - 5 boomerangs of dispersal (quivered)
Armour
 b - a +0 leather armour (worn)
Scrolls
 c - a scroll of blinking
Potions
 e - 2 potions of magic {unknown}


   Skills:
 + Level 2.2 Fighting
 + Level 2.4 Maces & Flails
 - Level 1.0 Throwing
 - Level 1.1 Armour
 - Level 2.1 Dodging
 - Level 2.0 Spellcasting
 - Level 2.4 Translocations


You had 4 spell levels left.
You didn't know any spells.
Your spell library contained the following spells:

 Spells                   Type           Power      Damage    Failure   Level
 Blink                    Tloc           N/A        N/A       19%         2
 Gell's Gravitas          Tloc           3%         N/A       36%         3
 Lesser Beckoning         Tloc           3%         N/A       36%         3
 Teleport Other           Tloc           7%         N/A       36%         3
 Manifold Assault         Tloc           7%         N/A       98%         5


Dungeon Overview and Level Annotations

Branches:
Dungeon (1/15)

Altars:


Innate Abilities, Weirdness & Mutations

You have a beak for a mouth.
You have claws for feet.


Message History

You now have 6 gold pieces.
A jackal comes into view.
A jackal comes into view.
The giant cockroach bites you but does no damage.
The giant cockroach bites you.
Found a curved runed staff.
The kobold throws a stone.
The stone barely misses you. The jackal barely misses you.
The jackal closely misses you.
You see here a bat corpse.
The jackal barely misses you.
You hit the jackal.
The jackal is severely wounded.
The jackal closely misses you.
You closely miss the jackal.
The jackal is severely wounded.
The jackal barely misses you. x2
You barely miss the jackal. You claw the jackal, but do no damage.
Your peck misses the jackal.
The jackal is severely wounded.
The jackal barely misses you.
The jackal bites you but does no damage.
The giant cockroach waves its antennae.
You barely miss the jackal. Your peck misses the jackal.
The jackal is severely wounded.
The jackal completely misses you. The jackal bites you.
You hit the jackal but do no damage. You peck the jackal.
The jackal is almost dead.
The jackal closely misses you. The jackal completely misses you.
You thump the jackal!
You kill the jackal!
You barely miss the giant cockroach. You peck the giant cockroach.
The giant cockroach is almost dead.
The giant cockroach bites you but does no damage. x2
You hit the giant cockroach.
You kill the giant cockroach!
The kobold hits you with a +0 whip.
You barely miss the kobold. You claw the kobold, but do no damage.
The kobold hits you with a +0 whip.
You die...

#...K....
#........
#.###.... #.#
... #.# . #.#
#†# #K# #@# #.#
#.# #.#
#.#############
#.............#
#############.#
#.####
#######.....


You could see a kobold.

Vanquished Creatures
  An endoplasm (D:1)
  A giant cockroach (D:1)
  A jackal (D:1)
  A bat (D:1)
4 creatures vanquished.

Notes
Turn   | Place    | Note
-------+----------+-------------------------------------------
     0 | D:1      | SnakkuSnakku7 the Tengu Warper began the quest for the Orb.
     0 | D:1      | Reached XP level 1. HP: 12/12 MP: 4/4
    68 | D:1      | Slain by a kobold

Illustrated notes

Levels and vault maps discovered:
D:1:      minmay_arrival_stair_chambers, layout_basic,
          shapermc_ecumenical_altar_acropolis

Action                   || total
-------------------------++-------
Melee: Mace              ||    11
       Kick              ||     3
       Peck              ||     2
Armor: Leather armour    ||     4
Dodge: Dodged            ||    12
